Unix NetHack Version 5.0.0-0 post-release - last build May  4 2026 22:22:43 (774f63e81ad911689b3a0859ea89b322d5daca8d,branch:main).

Game began 2026-05-07 03:18:57, ended 2026-05-07 03:42:34.

Brudee, chaotic male human Barbarian

                                                    ------------
                   ---------------           #######...........|
                  #..............|    ########    # |.........{|
                  #|..............#####           # ---------.--
                  #..............|                #        ###
                  #|..........._..######        ###       ## #            ----
               ####--------|------     ##    ####         #  #            |..|
               #           #           #######            #  #            |..|
      -------- #           #   `########   ###            #  #            |..|
      |.......##          ##   #           # ###         ##  #          ##.>.|
      |......|##       ####    #  --------     #        ##   #          # |..|
      |......|#        #       #  .......|     #        #    #      ##### |..|
      |......|#     ####       #  .......|     #####    # ####     ##     ----
      |.).....#      ######    # ........|         # ---.-.-----   #
      |......|######-|----#    #..........         # |..<......|  ##
      --------     #|....-###### ........|         ##........d.r@e#
                   #|....|###    ---------           |.........|
                   `.....+##                        #..........|
                    ------                           -----------

Brudee the Bandit          St:18/01 Dx:15 Co:18 In:8 Wi:8 Ch:6  Chaotic
Dlvl:2  $:0  HP:0(69) Pw:13(13) AC:7  Xp:6/358 T:4600  Fainted  Deaf

Latest messages:
 You can move again.
 You faint from lack of food.
 You regain consciousness.
 You faint from lack of food.
 The sewer rat bites!
 The sewer rat bites!
 The sewer rat bites!
 The sewer rat bites!
 The sewer rat bites!
 The sewer rat bites!
 The sewer rat bites!
 The sewer rat bites!
 The sewer rat bites!
 The sewer rat bites!
 The sewer rat bites!
 The sewer rat bites!
 The sewer rat bites!
 The sewer rat bites!
 The sewer rat bites!
 The sewer rat bites!
 The sewer rat bites!
 The sewer rat bites!
 The sewer rat bites!
 You regain consciousness.
 You faint from lack of food.
 The sewer rat bites!
 The sewer rat bites!
 The sewer rat bites!
 The sewer rat bites!
 The sewer rat bites!
 The sewer rat bites!
 The sewer rat bites!
 The sewer rat bites!
 The sewer rat bites!
 The sewer rat bites!
 The sewer rat bites!
 The sewer rat bites!
 The sewer rat bites!
 The sewer rat bites!
 The sewer rat bites!
 The sewer rat bites!
 The sewer rat bites!
 The sewer rat bites!
 The sewer rat bites!
 The sewer rat bites!
 The sewer rat bites!
 You die...
 Do you want your possessions identified? [ynq] (y) y
 Do you want to see your attributes? [ynq] (y) y
 Do you want an account of creatures vanquished? [ynaq] (y) q

Inventory:
 Amulets  ('"')
  j - an uncursed amulet versus poison
 Weapons  (')')
  l - 5 +0 shuriken (at the ready)
  J - a +0 elven dagger
  b - a +0 axe
  I - a +0 long sword
  a - a -1 two-handed sword (weapon in hands)
 Armor    ('[')
  H - a cursed -1 helm of caution
  h - a blessed +0 pair of gauntlets of dexterity (being worn)
  X - a blessed +0 mummy wrapping
  y - an uncursed +0 leather armor (being worn)
 Scrolls  ('?')
  M - a blessed scroll of blank paper
  L - an uncursed scroll of blank paper
 Spellbooks  ('+')
  N - an uncursed spellbook of extra healing
  w - an uncursed spellbook of healing
 Potions  ('!')
  B - an uncursed potion of confusion
  O - a blessed potion of extra healing
  K - a cursed potion of fruit juice
  r - a blessed potion of hallucination
  t - 3 uncursed potions of healing
  W - an uncursed potion of object detection
 Rings    ('=')
  v - a cursed -1 ring of gain strength
 Wands    ('/')
  u - a blessed wand of cancellation (0:8)
  G - a wand of digging (0:8)
  i - a wand of slow monster (0:5)
  T - a wand of speed monster (0:7)
  o - a wand of striking (0:7)
 Tools    ('(')
  P - a +0 pick-axe
  p - an uncursed skeleton key
  z - an uncursed stethoscope
 Gems/Stones  ('*')
  C - 2 uncursed worthless pieces of orange glass
  x - an uncursed worthless piece of white glass

Brudee the Barbarian's attributes:

Background:
 You were a Bandit, a level 6 male human Barbarian.
 You were chaotic, on a mission for Set
 who was opposed by Mitra (lawful) and Crom (neutral).
 You were right-handed.
 You were in the Dungeons of Doom, on level 2.
 You entered the dungeon 4600 turns ago.
 It was nighttime.
 You had 358 experience points, 282 more were needed to attain level 7.

Basics:
 You had 0 out of 69 hit points.
 You had all 13 energy points (spell power).
 Your armor class was 7.
 Your wallet was empty.
 Autopickup was on for '$"?+!=/' plus thrown.

Final Characteristics:
 Your strength was 18/01 (base:18/02, limit:18/100).
 Your dexterity was 15 (limit:18).
 Your constitution was 18 (limit:18).
 Your intelligence was 8 (limit:18).
 Your wisdom was 8 (limit:18).
 Your charisma was 6 (limit:18).

Final Status:
 You were deaf.
 You were fainted due to starvation.
 You were unencumbered.
 You were wielding a two-handed sword.
 You were skilled in two-handed sword.

Final Attributes:
 You were devoutly aligned.
 You were poison resistant.
 You were telepathic.
 You were warded.
 You were unlucky.
 You are dead.

Miscellaneous:
 You didn't encounter any bones levels.
 Total elapsed playing time was 23 minutes and 36 seconds.

Major events:
 Turn
    1: Brudee the chaotic male human Barbarian entered the dungeon
  190: killed Inuvik, the general store proprietor
  221: attained the rank of Pillager (level 3)
 4051: attained the rank of Bandit (level 6)
 4600: killed by a sewer rat, while fainted from lack of food

You didn't know any spells.

Skills:
 Fighting Skills
   bare handed combat [Basic]
   two weapon combat  [Unskilled]
   riding             [Unskilled]
 Weapon Skills
   dagger             [Unskilled]
   axe                [Basic]
   pick-axe           [Unskilled]
   short sword        [Unskilled]
   broadsword         [Unskilled]
   long sword         [Unskilled]
   two-handed sword   [Skilled]
   saber              [Unskilled]
   club               [Unskilled]
   mace               [Unskilled]
   morning star       [Unskilled]
   flail              [Unskilled]
   hammer             [Unskilled]
   quarterstaff       [Unskilled]
   spear              [Unskilled]
   trident            [Unskilled]
   bow                [Unskilled]
 Spellcasting Skills
   attack spells      [Unskilled]
   escape spells      [Unskilled]

Voluntary challenges:
 Character rerolling was not enabled.
 You never genocided any monsters.
 You never polymorphed an object.
 You never changed form.
 You used no wishes.
Achievements:
 You entered a shop.
 You attained the rank of Pillager.
 You attained the rank of Bandit.

 The Dungeons of Doom: levels 1 to 7
    Level 1:
    Level 2: <- You were here.
       An altar, a fountain.
       Final resting place for
          you, killed by a sewer rat, while fainted from lack of food.
    Level 3:
       A general store.
    Level 4:
       A fountain.
    Level 5:
       A general store.
    Level 6:
       A fountain.
    Level 7:


Vanquished creatures:
  a shopkeeper
  a rock piercer
  a rock mole
  a pony
  2 shriekers
  a kobold mummy
  a straw golem
  a paper golem
  a giant ant
  3 little dogs
  3 floating eyes
  a kobold leader
  a kobold shaman
  2 hill orcs
  2 rothes
  2 giant bats
  2 orc zombies
  4 iguanas
  2 acid blobs
  2 coyotes
  2 gas spores
  a hobbit
  2 manes
  a hobgoblin
  a giant rat
  5 cave spiders
  2 green molds
  a gnome zombie
  3 jackals
  a kobold
  a goblin
  4 sewer rats
  5 grid bugs
  2 lichens
  7 newts
72 creatures vanquished.

No species were genocided or became extinct.

Game over:
                       ----------
                      /          \
                     /    REST    \
                    /      IN      \
                   /     PEACE      \
                  /                  \
                  |      Brudee      |
                  |       0 Au       |
                  |   killed by a    |
                  |    sewer rat     |
                  |                  |
                  |                  |
                  |       2026       |
                 *|     *  *  *      | *
        _________)/\\_//(\/(/\)/\//\/|_)_______

Goodbye Brudee the Barbarian...

You died in The Dungeons of Doom on dungeon level 2 with 2424 points,
and 0 pieces of gold, after 4600 moves.
You were level 6 with a maximum of 69 hit points when you died.

